 Dungeon Crawl Stone Soup version 0.26-a0-61-g6c07f0ee8d (webtiles) character file.

Game seed: 13998053390963108924

130 bmfx the Slasher (level 5, 0/40 HPs)
             Began as a Vine Stalker Monk on June 9, 2020.
             Was a Believer of Okawaru.
             Succumbed to Ijyb's poison
             ... on level 3 of the Dungeon.
             The game lasted 00:05:50 (2116 turns).

bmfx the Slasher (Vine Stalker Monk)                Turns: 2116, Time: 00:05:51

Health: 0/40       AC: 22    Str: 15    XL:     5   Next: 13%
Magic:  5/7        EV:  2    Int: 10    God:    Okawaru [**....]
Gold:   118        SH:  0    Dex: 16    Spells: 4/4 levels left

rFire    . . .     SeeInvis .   a - +0 falchion
rCold    . . .     Gourm    .   (no shield)
rNeg     + + +     Faith    .   (armour currently unavailable)
rPois    +         Spirit   +   (helmet currently unavailable)
rElec    .         Reflect  .   (cloak currently unavailable)
rCorr    .         Harm     .   (gloves currently unavailable)
MR       .....     NoTele   +   (boots currently unavailable)
Stlth    ++........             (no amulet)
HPRegen  0.53/turn              (no ring)
MPRegen  0.10/turn              (no ring)

@: lethally poisoned (0 -> -2), tree-form
A: regeneration 1, magic shield, no potion heal 3, rot immunity
a: Heroism, Renounce Religion


You were on level 3 of the Dungeon.
You worshipped Okawaru.
Okawaru was pleased with you.
You were not hungry.
You were a tree.
You visited 1 branch of the dungeon, and saw 3 of its levels.

You collected 118 gold pieces.


Innate Abilities, Weirdness & Mutations

((You have extremely sharp teeth.))
Your natural rate of healing is unusually fast.
When hurt, damage is shared between your health and your magic reserves.
((Your bite disrupts and absorbs the magic of your enemies.))
Potions cannot restore your health.
You are immune to rotting.

Dungeon Overview and Level Annotations

Branches:
Dungeon (3/15)

Altars:
Okawaru

Annotations:
D:3 Sigmund


   Skills:
 - Level 2.6 Fighting
 + Level 4.7 Long Blades
 - Level 2.4 Dodging
 - Level 2.4 Stealth
 * Level 1.9 Invocations


You had 4 spell levels left.
You didn't know any spells.
Your spell library was empty.

Action                   |  1- 3 |  4- 6 || total
-------------------------+-------+-------++-------
Melee: Falchion          |   164 |    65 ||   229
       Bite              |    64 |    13 ||    77
Throw: Dart              |       |     8 ||     8
Invok: Heroism           |       |     3 ||     3
  Use: Scroll            |     4 |     4 ||     8
       Potion            |       |     1 ||     1
 Stab: Sleeping          |     1 |       ||     1
  Eat: Chunk             |     2 |     2 ||     4
Armor: Leather armour    |    10 |       ||    10
       Chain mail        |    23 |    25 ||    48
       Scale mail        |    17 |       ||    17
       Skin              |       |     8 ||     8
Dodge: Dodged            |    59 |    26 ||    85
       Rpst.: Falchion   |    17 |     9 ||    26

Skill      XL: |  1  2  3  4 |
---------------+-------------+-----
Long Blades    | 3 4 |  4.7
Invocations    | 1 |  1.9
Fighting       | |  2.6
Dodging        | |  2.4
Stealth        | |  2.4

Inventory:

Hand Weapons
 a - a +0 falchion (weapon)
Missiles
 f - 81 sling bullets
 i - 118 stones
 q - 30 poisoned darts (quivered)
Armour
 h - a +0 pair of gloves (melded)
 o - a +0 chain mail (melded)
Jewellery
 g - an uncursed amulet of regeneration {unknown}
 r - an uncursed ring of protection from cold {unknown}
Scrolls
 d - 2 scrolls of teleportation
Potions
 l - a potion of brilliance
 p - a potion of flight
Comestibles
 c - 12 rations

#..#.......##.##########
#..#.......#.....#.....##
#.......................##
.....^...................#
#.####...................#
#.# ###.........§.......#
#.# ##.....§§.§§......#
..# #.....§§§§§......# ###
########♣§§.....##
###.§§§#§....##
###..§.§§....###
##..§.........#
##.....###.....# ##....###
#.....# #...### ##....#
#...## #....# #....##
#....#


There were no monsters in sight!

Vanquished Creatures
  Ijyb (D:3)
  3 adders (D:3)
  An ooze (D:1)
  A dart slug (D:1)
  3 leopard geckos
  3 orcs (D:3)
  A ball python (D:1)
  3 giant cockroaches
  12 goblins
  5 hobgoblins
  2 jackals (D:2)
  7 kobolds
  2 quokkas
  7 bats
  4 frilled lizards
  8 rats
  2 plants (D:1)
65 creatures vanquished.

Levels and vault maps discovered:
D:1:      heliophobic_arrival_ceremonial_halls, layout_basic, serial_forest,
          infiniplex_forest_clump_long, infiniplex_forest_clump_small,
          infiniplex_forest_lined_corner, infiniplex_forest_join,
          infiniplex_forest_straight_4
D:2:      layout_rooms, first_ration
D:3:      layout_rooms, serial_curves, eino_curves_01, eino_curves_01,
          eino_curves_04, okawaru_metal_pillars_3, uniq_sigmund, uniq_ijyb


Message History

* * * LOW HITPOINT WARNING * * *
You feel sick.
A quokka comes into view.
* * * LOW HITPOINT WARNING * * *
You feel sick.
* * * LOW HITPOINT WARNING * * *
You feel sick.
The quokka bites you but does no damage. x2
* * * LOW HITPOINT WARNING * * *
You feel sick.
The quokka bites you but does no damage.
You hit the quokka.
You kill the quokka!
Okawaru accepts your kill.
* * * LOW HITPOINT WARNING * * *
You feel sick.
There is a lethal amount of poison in your body!
* * * LOW HITPOINT WARNING * * *
You feel sick.
You die...

Notes
Turn   | Place    | Note
-------+----------+-------------------------------------------
     0 | D:1      | bmfx the Vine Stalker Monk began the quest for the Orb.
     0 | D:1      | Reached XP level 1. HP: 11/11 MP: 2/2
    50 | D:1      | Reached skill level 3 in Long Blades
   199 | D:1      | Reached XP level 2. HP: 13/16 MP: 3/3
   380 | D:1      | Reached XP level 3. HP: 18/19 MP: 4/4
   864 | D:1      | Reached skill level 4 in Long Blades
  1544 | D:3      | Gained mutation: Your natural rate of healing is unusually
                  | fast. [Vine Stalker growth]
  1544 | D:3      | Reached XP level 4. HP: 23/23 MP: 5/5
  1558 | D:3      | Noticed Sigmund
  1623 | D:3      | Found an iron altar of Okawaru.
  1626 | D:3      | Became a worshipper of Warmaster Okawaru
  1626 | D:3      | Reached * piety under Okawaru
  1626 | D:3      | Reached ** piety under Okawaru
  1789 | D:3      | Reached skill level 1 in Invocations
  2068 | D:3      | Noticed Ijyb
  2103 | D:3      | Killed Ijyb
  2103 | D:3      | Reached XP level 5. HP: 14/27 MP: 4/7
  2112 | D:3      | HP: 2/40 [poisoned by Ijyb]
  2116 | D:3      | Succumbed to Ijyb's poison
